 Dungeon Crawl Stone Soup version 0.19-a0-1008-g4c63d25 (webtiles) character file.

56 mistymad the Skirmisher (level 4, -8/37 HPs)
             Began as a Formicid Abyssal Knight on July 22, 2016.
             Was a Believer of Lugonu.
             Killed from afar by Sigmund (11 damage)
             ... with a magic dart
             ... on level 1 of the Dungeon.
             The game lasted 00:02:54 (1352 turns).

mistymad the Skirmisher (Formicid Abyssal Knight)   Turns: 1352, Time: 00:02:55

Health: -8/37      AC:  5    Str: 18    XL:     4   Next: 15%
Magic:  4/5        EV: 10    Int: 11    God:    Lugonu [**....]
Gold:   57         SH:  0    Dex: 10    Spells: 0 memorised, 3 levels left

rFire  . . .     SeeInvis +     a - +1 falchion
rCold  . . .     Gourm    .     g - +0 ring mail
rNeg   . . .     Faith    .     (no shield)
rPois  .         Spirit   .     (helmet unavailable)
rElec  .         Dismiss  .     (no cloak)
rCorr  .         Reflect  .     (no gloves)
SustAt .         Harm     .     (no boots)
MR     .....                    (no amulet)
Stlth  ..........               (no ring)
                                (no ring)

@: confused, not resistant to hostile enchantments, extremely unstealthy
A: permanent stasis, dig shafts and tunnels, four strong arms, antennae 3
a: Dig, Shaft Self, Depart the Abyss, Bend Space, Renounce Religion


You were on level 1 of the Dungeon.
You worshipped Lugonu.
Lugonu was pleased with you.
You were hungry.

You visited 1 branch of the dungeon, and saw 2 of its levels.
You visited the Abyss 1 time.

You collected 57 gold pieces.

Inventory:

Hand Weapons
 a - a +1 falchion (weapon)
Armour
 g - a +0 ring mail (worn)
Scrolls
 f - 2 scrolls of teleportation {unknown}
Potions
 e - 4 potions of heal wounds {unknown}
Comestibles
 b - a beef jerky
 c - 2 bread rations
 d - 7 chunks of flesh
 h - a fruit


   Skills:
 + Level 4.0 Fighting
 + Level 2.8 Long Blades
 + Level 3.1 Armour
 - Level 0.8 Dodging
 - Level 2.1 Invocations


You had 3 spell levels left.
You didn't know any spells.

Dungeon Overview and Level Annotations

Branches:
Dungeon (2/15)

Altars:

Annotations:
D:1 Sigmund


Innate Abilities, Weirdness & Mutations

You are under a permanent stasis effect.
You can dig through walls and to a lower floor.
Your four strong arms can wield two-handed weapons with a shield.
You have a pair of large antennae on your head. (SInv)


Message History

You're too confused!
Unknown command.
You're too confused!
Firing (i - inventory): No suitable missiles.
Press: ? - help, Shift-Dir - straight line
Okay, then.
You're too confused!
Firing (i - inventory): No suitable missiles.
Press: ? - help, Shift-Dir - straight line, f - Sigmund
Aim: Sigmund, wielding a scythe and wearing a robe (slightly transparent)
Okay, then.
You're too confused to move!
Sigmund casts a spell at you. The puff of flame hits you!
* * * LOW HITPOINT WARNING * * *
You take 2 damage, and have 3/37 hp.
You bump into the rock wall.
Sigmund gestures at you while chanting. The magic dart hits you!
You die...

######.#.#..###
###...####'####..
##.......##.#.....
#.........#.#.....
##########.........'.'.....
#........#.........#.#.....
#.#########.......##.##....
#.# ##.####...####'###..)
##.#####.#.@##'#####...#####
#.........#.##.###.......###
#......@..#.#...#.........#.
#...........#...+....<....'.
#.........#.#...#.........#.
#...........#..###.......###
#.>..รท....####.#####...#####
#.........# #.{#####+#####.
#.........# ###.{{..........


You could see Sigmund (invisible).

Vanquished Creatures
  3 adders
  2 dart slugs (D:1)
  A giant gecko (D:1)
  2 bats (D:1)
  3 giant cockroaches (D:1)
  3 goblins (D:1)
  2 hobgoblins
  2 kobolds (D:1)
  3 giant newts (D:1)
  3 rats (D:1)
24 creatures vanquished.

Notes
Turn   | Place    | Note
-------+----------+-------------------------------------------
     0 | Abyss:1  | mistymad the Formicid Abyssal Knight began the quest for the Orb.
     0 | Abyss:1  | Reached XP level 1. HP: 18/18 MP: 2/2
    27 | D:1      | Escaped the Abyss
   183 | D:1      | Reached XP level 2. HP: 13/24 MP: 3/3
   768 | D:1      | Reached XP level 3. HP: 29/29 MP: 4/4
   879 | D:1      | Reached ** piety under Lugonu
   913 | D:2      | Noticed Sigmund
  1329 | D:2      | Reached skill level 4 in Fighting
  1329 | D:2      | Reached XP level 4. HP: 20/37 MP: 5/5
  1352 | D:1      | Killed from afar by Sigmund

Vault maps used:
D:1:      dpeg_arrival_three_smaller_balls, minmay_close_crescents
D:2:      first_bread, minmay_rat_gold_closets, uniq_crazy_yiuf_cottage,
          uniq_sigmund

Skill      XL: |  1  2  3 |
---------------+----------+-----
Armour         | 3 |  3.1
Fighting       | 4 |  4.0
Long Blades    | |  2.8
Dodging        | |  0.8
Invocations    | |  2.1

Action                   |  1- 3 |  4- 6 || total
-------------------------+-------+-------++-------
Melee: Falchion          |    83 |       ||    83
Invok: Bend Space        |       |     1 ||     1
 Abil: Dig               |       |     1 ||     1
  Eat: Chunk             |     1 |       ||     1
Armor: Leather armour    |    12 |       ||    12
       Ring mail         |     8 |       ||     8
Dodge: Dodged            |    40 |     1 ||    41
